 Dungeon Crawl Stone Soup version 0.30.0-15-g856e2d3f33 (webtiles) character file.

Game seed: 1519877010059218142

578 Demosthentine the Poker (level 7, -3/54 HPs)
             Began as a Demonspawn Gladiator on May 19, 2023.
             Frozen to death by an endoplasm (4 damage)
             ... on level 4 of the Dungeon on May 20, 2023.
             The game lasted 00:04:54 (3121 turns).

Demosthentine the Poker (Demonspawn Gladiator)      Turns: 3121, Time: 00:04:55

Health: -3/54      AC:  6    Str: 16    XL:     7   Next: 13%
Magic:  7/7        EV: 13    Int:  9    God:
Gold:   108        SH:  0    Dex: 17    Spells: 6/6 levels left

rFire   . . .        a - +0 trident
rCold   . . .        (no shield)
rNeg    . . .        b - +0 leather armour
rPois   .            c - +1 helmet
rElec   .            (no cloak)
rCorr   .            (no gloves)
SInv    .            f - +0 pair of boots
Will    .....        (no amulet)
Stlth   ++           (no ring)
HPRegen 0.29/turn    (no ring)
MPRegen 0.10/turn

%: no passive effects
@: lethally poisoned (-3 -> -4), flying
A: hooves 2, thin skeletal structure 1, demonic magic 1
a: no special abilities


You were on level 4 of the Dungeon.
You visited 1 branch of the dungeon, and saw 4 of its levels.

You collected 108 gold pieces.

Inventory:

Hand Weapons
 a - a +0 trident (weapon)
Missiles
 d - 3 throwing nets (quivered)
 e - a javelin
 l - 2 poisoned darts
 o - 2 boomerangs
Armour
 b - a +0 leather armour (worn)
 c - a +1 helmet (worn)
 f - a +0 pair of boots (worn)
Jewellery
 k - a ring of resist corrosion
 r - a ring of willpower
Wands
 i - a wand of charming (7)
Scrolls
 g - 6 scrolls of identify
 h - a scroll of fear
 m - a scroll of silence
 n - a scroll of blinking
Potions
 j - 3 potions of mutation
 p - a potion of cancellation
 s - a potion of degeneration {unknown}
 t - a potion of berserk rage {unknown}


   Skills:
 + Level 4.2 Fighting
 + Level 4.4 Polearms
 - Level 1.7 Throwing
 + Level 3.2 Armour
 + Level 4.3 Dodging


You had 6 spell levels left.
You didn't know any spells.
Your spell library contained the following spells:

 Spells                   Type           Power      Damage    Failure   Level
 Vhi's Electric Charge    Tloc/Air       0%         N/A       82%         3
 Summon Lightning Spire   Summ/Air       0%         N/A       99%         4
 Arcjolt                  Conj/Air       0%         1d10      100%        5
 Storm Form               Tmut/Air       0%         N/A       100%        7
 Maxwell's Capacitive Co  Air            0%         ∞         100%        8


Dungeon Overview and Level Annotations

Branches:
Dungeon (4/15)
 Temple: D:4-7

Altars:
Ashenzari
Cheibriados
Dithmenos
Xom

Shops:
D:3 [


Innate Abilities, Weirdness & Mutations

You have hoof-like feet.
You have a somewhat thin skeletal structure. (Dex +2, Stealth+)
Spells you cast may paralyse adjacent enemies.


Message History

The scorpion is almost dead.
You feel sick.
The scorpion stings you but does no damage.
The endoplasm freezes you.
You are frozen.
* * * LOW HITPOINT WARNING * * *
The scorpion stings you but does no damage.
You closely miss the scorpion.
The scorpion is almost dead.
You feel sick. The endoplasm misses you.
The scorpion stings you but does no damage.
Unknown command.
You closely miss the scorpion.
The scorpion is almost dead.
You feel sick. The endoplasm closely misses you. The scorpion stings you.
* * * LOW HITPOINT WARNING * * *
Unknown command.
You hit the scorpion but do no damage.
The scorpion is almost dead.
You feel sick. The scorpion barely misses you. The endoplasm freezes you.
You are frozen.
* * * LOW HITPOINT WARNING * * *
Unknown command.
You barely miss the scorpion.
The scorpion is almost dead.
You feel sick.
The scorpion stings you but does no damage.
The endoplasm freezes you.
You are frozen.
* * * LOW HITPOINT WARNING * * *
The scorpion misses you.
It was a potion of flight.
You feel very buoyant.
You fly up into the air.
* * * LOW HITPOINT WARNING * * *
You feel sick. The endoplasm freezes you.
You are frozen.
You die...

....... .... ##
..#.......... .### #...
.##.##..#...###...##....
.#.## #.#.♣.##..........
....###.#.♣.##.. .>.....
#.........♣.##.##.......
#.........♣..#..#.......
#.)...#..........s.....#
.....##.........@†......
.....##...#......J.....#
...>....#.#..........!..
..........#......#.....>
..........#.###.##.....#
...##.......# #.# ......
...<#.......# ..# .....
....##...._.....# ..#..
...##.......##


You could see a scorpion and an endoplasm.

Vanquished Creatures
  Grinder (D:4)
  A phantom (D:3)
  An orc priest (D:3)
  3 iguanas (D:4)
  A sleepcap (D:4)
  An orc wizard (D:3)
  Ijyb (D:3)
  4 gnolls
  An adder (D:4)
  2 worms (D:2)
  2 dart slugs
  7 orcs
  8 ball pythons
  3 endoplasms
  4 giant cockroaches
  7 goblins
  5 hobgoblins
  4 jackals (D:2)
  4 kobolds
  A bat (D:1)
  2 frilled lizards
  3 rats (D:1)
66 creatures vanquished.

Notes
Turn   | Place    | Note
-------+----------+-------------------------------------------
     0 | D:1      | Demosthentine the Demonspawn Gladiator began the quest for
                  | the Orb.
     0 | D:1      | Reached XP level 1. HP: 16/16 MP: 1/1
   104 | D:1      | Gained mutation: You have large cloven feet. [demonic
                  | ancestry]
   104 | D:1      | Reached XP level 2. HP: 10/22 MP: 2/2
   491 | D:1      | Reached skill level 1 in Armour
   703 | D:2      | Gained mutation: You have hoof-like feet. [demonic
                  | ancestry]
   703 | D:2      | Reached XP level 3. HP: 23/28 MP: 3/3
  1611 | D:3      | Found a snail-covered altar of Cheibriados.
  1655 | D:3      | Found Xeodgh's Armour Shop.
  1758 | D:3      | Noticed Ijyb
  1774 | D:3      | Killed Ijyb
  1775 | D:3      | Gained mutation: You have a somewhat thin skeletal
                  | structure. (Dex +2, Stealth+) [demonic ancestry]
  1775 | D:3      | Reached XP level 4. HP: 21/34 MP: 4/4
  2032 | D:3      | Found a faded altar of an unknown god.
  2199 | D:3      | Found a shadowy altar of Dithmenos.
  2304 | D:4      | Noticed a phantom
  2326 | D:4      | HP: 1/34 [orc/+0 short sword (3)]
  2388 | D:3      | Killed a phantom
  2389 | D:3      | Reached XP level 5. HP: 25/41 MP: 5/5
  2628 | D:4      | Noticed Grinder
  2638 | D:3      | Gained mutation: Spells you cast may paralyse adjacent
                  | enemies. [demonic ancestry]
  2638 | D:3      | Reached XP level 6. HP: 11/47 MP: 6/6
  2786 | D:4      | Killed Grinder
  2856 | D:4      | Found a shimmering altar of Xom.
  2856 | D:4      | Found a shimmering altar of Xom.
  2867 | D:4      | Reached XP level 7. HP: 47/54 MP: 7/7
  3048 | D:4      | Found a shimmering altar of Xom.
  3048 | D:4      | Found a shimmering altar of Xom.
  3085 | D:4      | Found a broken altar of Ashenzari.
  3120 | D:4      | HP: 2/54 [frozen (2)]
  3121 | D:4      | Frozen to death by an endoplasm

Illustrated notes

Levels and vault maps discovered:
D:1:      elethiomel_arrival_shortcut, layout_basic
D:2:      layout_loops_corners, serial_forest, infiniplex_forest_lined_1,
          infiniplex_forest_end_3, infiniplex_forest_end_1,
          infiniplex_forest_zigzag_1, infiniplex_forest_3_way,
          infiniplex_forest_lined_1, kennysheep_generic_room_6
D:3:      layout_basic, cheibriados_altar_1, lemuel_coloured_pillars_altar,
          lemuel_doored_altar, basic_ecumenical_altar, serial_shops, shop,
          uniq_ijyb
D:4:      layout_cave_pools, nicolae_xom_altar_mimics,
          mainiacjoe_overflow_boulevard, chequers_serial_rivers_small_a,
          uniq_grinder

Skill      XL: |  1  2  3  4  5  6 |
---------------+-------------------+-----
Polearms       | 3 4 |  4.4
Dodging        | 3 4 |  4.3
Armour         | 1 2 3 |  3.2
Fighting       | 3 4 |  4.2
Throwing       | |  1.7

Action                     |  1- 3 |  4- 6 |  7- 9 || total
---------------------------+-------+-------+-------++-------
  Melee: Trident           |   115 |   105 |    49 ||   269
         Kick              |    18 |    15 |       ||    33
         Punch             |       |     2 |     1 ||     3
    Use: Scroll            |     7 |     3 |       ||    10
         Potion            |       |     2 |     1 ||     3
   Stab: Sleeping          |     2 |     2 |     1 ||     5
         Distracted        |       |     1 |       ||     1
 Armour: Leather armour    |    24 |    18 |    14 ||    56
  Dodge: Dodged            |    52 |    80 |    46 ||   178
